Map: Thunderbird LE

Players

puCK (Nina) - Winner!

  • Race: Protoss Protoss
  • Spawn Location: 11:00

FoxeR

  • Race: Terran Terran
  • Spawn Location: 5:00

VOD

Have the link to the VOD?

Description

Time

  • Played on: Sept. 6, 2019, 12:21 p.m.
  • Length: 8:18
Show
View Real Time Build Order
Export as new Build Order

puCK Protoss - Winner!

Build Orders: 1 Gate Expand, Phoenix Opening, Blink Stalkers 

Get SALT Encoding   

  12  0:00  Probe  
  13  0:12  Probe  
  14  0:19  Pylon  
  14  0:24  Probe  
  15  0:33  Probe  
  15  0:38  Gateway  
  15  0:41  Probe  
  16  0:49  Assimilator  
  17  0:52  Probe  
  19  1:04  Probe  
  19  1:16  Probe  
  20  1:27  Cybernetics Core  
  20  1:38  Nexus  
  20  1:42  Pylon, Probe  
  21  1:48  Assimilator  
  21  1:54  Probe  
  21  1:55  Adept  
  22  2:06  Probe  
  25  2:12  Warp Gate  
  25  2:20  Probe  
  25  2:22  Sentry  
  28  2:33  Probe  
  29  2:44  Twilight Council  
  29  2:45  Probe  
  30  2:52  Gateway, Stalker  
  30  2:55  Probe  
  30  2:57  Probe  
  34  3:03  Probe  
  34  3:06  Phoenix  
  34  3:09  Probe  
  34  3:11  Probe  
  36  3:15  Blink  
  37  3:21  Probe x2  
  39  3:29  Stalker  
  39  3:33  Probe x2  
  43  3:40  Pylon  
  43  3:42  Assimilator  
  43  3:45  Probe  
  43  3:46  Probe  
  45  3:53  Pylon  
  45  3:57  Probe  
  45  3:58  Probe  
  47  4:07  Stalker  
  47  4:08  Stalker  
  47  4:09  Probe  
  52  4:10  Probe  
  52  4:13  Gateway  
  53  4:18  Forge  
  53  4:21  Probe  
  53  4:23  Probe  
  55  4:32  Nexus  
  55  4:33  Probe  
  56  4:40  Protoss Ground Weapons Level 1, Stalker  
  56  4:42  Stalker  
  56  4:44  Probe  
  61  4:46  Pylon  
  61  4:52  Pylon  
  59  5:06  Gateway, Stalker x2  
  63  5:08  Gateway  
  63  5:12  Photon Cannon  
  63  5:14  Photon Cannon  
  63  5:16  Probe  
  63  5:19  Stalker  
  66  5:24  Pylon  
  66  5:29  Stalker  
  66  5:30  Stalker  
  66  5:33  Probe x2  
  67  5:45  Probe  
  67  5:46  Probe  
  67  5:48  Stalker  
  67  5:49  Probe  
  71  5:51  Phoenix  
  71  5:57  Probe  
  71  5:58  Probe  
  71  5:59  Robotics Facility  
  71  6:01  Probe  
  74  6:09  Probe  
  75  6:13  Stalker x3  
  75  6:15  Probe  
  75  6:17  Probe  
  83  6:21  Probe  
  84  6:34  Probe  
  84  6:35  Probe  
  86  6:48  Probe  
  86  6:53  Stalker x5  
  97  6:57  Observer, Pylon x2  
  97  7:01  Forge, Assimilator  
  95  7:05  Assimilator  
  94  7:21  Stalker  
  94  7:22  Stalker x4  
  96  7:25  Gateway  
  96  7:27  Gateway  
  96  7:28  Gateway  
  96  7:30  Gateway  
  94  7:52  Stalker x5  
  94  7:54  Probe x2  
  106  8:01  Probe  
  106  8:05  Nexus  
  107  8:06  Pylon, Probe  
  107  8:10  Pylon  
Show
View Real Time Build Order
Export as new Build Order

FoxeR Terran 

Build Orders: Reaper Expand 

Get SALT Encoding   

  12  0:00  SCV  
  13  0:12  SCV  
  14  0:17  Supply Depot  
  14  0:24  SCV  
  15  0:38  SCV  
  15  0:40  Barracks  
  16  0:44  Refinery  
  16  0:50  SCV  
  17  1:03  SCV  
  18  1:15  SCV  
  19  1:28  Orbital Command, Reaper  
  20  1:41  Command Center  
  20  1:52  Supply Depot  
  20  1:54  SCV  
  21  2:02  Barracks Reactor  
  21  2:06  SCV  
  21  2:08  Refinery  
  22  2:18  SCV  
  22  2:22  Factory  
  23  2:30  SCV  
  23  2:33  Bunker  
  24  2:39  Marine x2  
  24  2:43  SCV  
  27  2:55  SCV  
  27  2:56  Orbital Command  
  27  2:57  Marine  
  29  3:06  Factory Tech Lab  
  29  3:07  SCV  
  30  3:15  Starport  
  30  3:16  Marine  
  30  3:19  SCV  
  31  3:22  SCV  
  31  3:26  Marine  
  33  3:29  Cyclone  
  33  3:31  Mag-Field Accelerator  
  33  3:34  SCV  
  37  3:36  SCV  
  38  3:42  Supply Depot  
  38  3:46  Marine, SCV  
  38  3:48  SCV  
  41  3:50  Marine  
  41  3:55  Viking  
  44  3:58  SCV  
  44  4:00  SCV  
  44  4:02  Supply Depot  
  46  4:07  Cyclone  
  46  4:09  Marine  
  49  4:10  SCV  
  49  4:12  Marine  
  49  4:14  SCV  
  53  4:20  Supply Depot  
  53  4:22  SCV  
  54  4:28  SCV  
  54  4:29  Marine  
  56  4:31  Starport Tech Lab  
  56  4:34  SCV  
  56  4:39  Engineering Bay  
  56  4:44  Cyclone, Marine  
  56  4:45  SCV  
  61  4:47  Marine  
  61  4:48  SCV  
  63  4:57  SCV  
  63  4:59  Barracks  
  64  5:00  SCV  
  64  5:01  Barracks  
  64  5:06  Raven  
  68  5:09  SCV  
  68  5:12  Refinery, SCV  
  68  5:13  Refinery  
  69  5:19  Command Center  
  69  5:21  SCV  
  70  5:30  Supply Depot x2  
  70  5:33  SCV x2  
  70  5:35  Factory Reactor  
  69  5:38  Marine  
  69  5:40  Stimpack  
  62  5:45  SCV x2  
  57  5:57  Marine x2, SCV  
  57  5:58  Marauder, SCV  
  57  5:59  Marauder, Combat Shield  
  57  6:02  Starport Reactor  
  64  6:04  Barracks  
  64  6:06  Terran Infantry Weapons Level 1  
  64  6:07  Barracks  
  64  6:09  SCV  
  64  6:10  SCV  
  66  6:15  Marine  
  66  6:17  Marine  
  67  6:19  Widow Mine x2  
  67  6:21  SCV  
  67  6:22  SCV  
  67  6:25  Marauder  
  70  6:28  Marauder  
  65  6:33  SCV  
  65  6:38  SCV x2  
  61  6:44  Marine  
  61  6:45  SCV  
  61  6:46  Marauder  
  53  6:51  Marine x2  
  53  6:53  Marine  
  48  6:55  SCV  
  48  7:00  SCV  
  49  7:04  SCV  
  49  7:05  Marine  
  49  7:07  Marauder, SCV  
  54  7:12  SCV  
  47  7:15  Marine  
  47  7:16  Marine  
  47  7:19  SCV  
  47  7:21  Marine x2  
  48  7:23  Marine  
  48  7:24  SCV  
  48  7:28  Marine  
  50  7:33  Marine x2  
  50  7:36  Medivac  
  52  7:37  SCV x2  
  52  7:39  Marine x2  
  52  7:41  SCV  
  52  7:44  Marine  
  48  7:46  Marine  
  41  7:51  Marine x2  
  41  7:54  SCV  
  41  7:57  Marine x2  
Tags
 
Add a new tag
Caveats
  • Supply blocks, unpowered buildings, or Contaminate may cause inaccurate times.
  • Supply counts are checked every 10 seconds.